Map: [TLMC15] Hardwire

Players

DRG

  • Race: Zerg Zerg

Cure - Winner!

  • Race: Terran Terran

Event: DreamHack SC2 Masters Last Chance 2022

VOD

Have the link to the VOD?

Description

Time

  • Played on: Jan. 14, 2022, 10:12 a.m.
  • Length: 15:26

All games in this series

Show
View Real Time Build Order
Export as new Build Order

DRG Zerg 

Build Orders: Pool First 

Get SALT Encoding   

  12  0:00  Drone  
  13  0:11  Overlord  
  13  0:16  Drone  
  14  0:30  Drone x2  
  16  0:40  Spawning Pool  
  15  0:43  Drone  
  15  0:47  Drone  
  17  1:07  Hatchery  
  17  1:10  Drone  
  17  1:25  Extractor  
  16  1:28  Zergling x6  
  16  1:30  Queen  
  21  1:39  Overlord  
  21  1:50  Drone  
  22  2:00  Drone  
  23  2:06  Queen  
  25  2:12  Drone  
  26  2:20  Queen  
  26  2:21  Drone  
  29  2:24  Drone  
  29  2:31  Drone  
  29  2:32  Drone  
  30  2:39  Drone  
  30  2:40  Drone x2  
  30  2:42  Drone  
  34  2:48  Drone  
  35  2:54  Metabolic Boost  
  34  3:00  Drone  
  34  3:02  Overlord  
  34  3:03  Drone  
  36  3:10  Hatchery  
  35  3:14  Drone  
  35  3:15  Overlord  
  36  3:22  Drone  
  36  3:23  Drone  
  38  3:28  Drone  
  38  3:30  Drone  
  38  3:31  Drone  
  38  3:32  Queen  
  42  3:36  Drone  
  42  3:38  Queen  
  45  3:41  Drone  
  45  3:45  Drone  
  45  3:46  Drone  
  45  3:47  Drone  
  49  3:49  Zergling x2  
  49  3:52  Overlord  
  49  3:55  Overlord  
  50  4:04  Overlord  
  50  4:10  Queen  
  50  4:14  Queen  
  54  4:18  Zergling x4  
  54  4:20  Drone x2  
  54  4:23  Drone x2, Queen  
  62  4:30  Zergling x4  
  64  4:38  Overlord  
  64  4:39  Drone  
  64  4:44  Drone  
  64  4:45  Spore Crawler  
  63  4:46  Zergling x4  
  63  4:48  Drone  
  66  4:52  Overlord  
  66  4:56  Queen  
  66  4:57  Overlord  
  66  4:58  Drone x3  
  72  5:03  Zergling x2  
  72  5:04  Drone  
  72  5:05  Drone  
  72  5:06  Lair, Roach Warren  
  72  5:11  Overlord  
  72  5:12  Drone  
  73  5:18  Drone  
  73  5:19  Overlord  
  74  5:21  Overlord  
  74  5:22  Drone x2  
  74  5:24  Drone, Extractor  
  74  5:25  Extractor  
  74  5:26  Drone  
  74  5:27  Spore Crawler x2  
  74  5:28  Drone  
  74  5:32  Queen  
  74  5:33  Spore Crawler  
  76  5:39  Drone  
  76  5:40  Drone x2  
  69  5:45  Drone  
  69  5:48  Drone  
  69  5:49  Drone  
  70  5:53  Drone x4  
  70  5:57  Drone x3  
  77  5:58  Queen  
  79  6:05  Glial Reconstitution  
  79  6:06  Drone  
  79  6:09  Drone  
  79  6:10  Drone  
  80  6:13  Drone  
  80  6:15  Drone x2, Extractor  
  80  6:16  Drone  
  80  6:18  Drone x2  
  83  6:24  Drone  
  83  6:25  Drone  
  86  6:27  Drone  
  86  6:30  Drone x3  
  86  6:31  Drone  
  90  6:34  Drone, Extractor  
  90  6:35  Extractor  
  87  6:43  Roach x2  
  90  6:49  Zergling x8  
  94  6:58  Roach, Overlord  
  94  6:59  Overlord  
  96  7:04  Overlord  
  96  7:08  Overlord  
  96  7:11  Overlord  
  96  7:12  Spire  
  93  7:17  Drone  
  93  7:19  Roach x2  
  93  7:22  Drone  
  98  7:23  Drone  
  98  7:24  Drone  
  98  7:25  Drone  
  98  7:28  Drone  
  98  7:29  Drone  
  103  7:31  Drone  
  103  7:34  Hatchery  
  103  7:35  Roach  
  102  7:37  Drone  
  102  7:43  Extractor  
  102  7:44  Drone  
  102  7:45  Evolution Chamber  
  102  7:46  Evolution Chamber  
  102  7:48  Drone x2  
  102  7:50  Drone  
  101  7:59  Drone x3  
  101  8:01  Drone  
  101  8:05  Drone x4  
  108  8:11  Ravager x4  
  108  8:12  Ravager x2  
  114  8:18  Drone  
  114  8:19  Drone x2, Extractor x2  
  99  8:30  Corruptor x7  
  99  8:33  Drone x4  
  115  8:35  Drone  
  115  8:38  Drone  
  117  8:44  Drone x2  
  117  8:45  Zerg Missile Weapons Level 1  
  117  8:48  Zerg Ground Armor Level 1  
  119  8:55  Zerg Flyer Weapons Level 1  
  119  8:56  Drone x4  
  123  9:05  Drone x6  
  123  9:09  Drone x3  
  132  9:12  Drone  
  132  9:15  Drone  
  132  9:16  Drone  
  135  9:17  Overlord  
  132  9:27  Drone x2  
  132  9:28  Zergling x4  
  134  9:32  Drone x3  
  134  9:33  Drone x3  
  134  9:35  Overlord  
  134  9:37  Drone x3  
  134  9:42  Drone x3  
  135  9:50  Corruptor x2  
  139  9:54  Corruptor  
  139  9:58  Corruptor  
  142  10:08  Overlord x4  
  142  10:15  Overlord x2  
  142  10:22  Overlord x2  
  142  10:27  Overlord  
  142  10:28  Roach x7  
  156  10:33  Roach x4  
  163  10:40  Roach x5  
  163  10:41  Drone  
  174  10:46  Zergling x10  
  179  10:54  Zerg Missile Weapons Level 2, Zerg Ground Armor Level 2  
  179  11:05  Ravager x11  
  179  11:07  Zergling x6  
  192  11:12  Zergling x8  
  192  11:13  Zergling x2  
  192  11:17  Spine Crawler  
  192  11:18  Spine Crawler  
  192  11:20  Drone x7  
  186  11:26  Drone x5  
  186  11:30  Zergling x4  
  175  11:47  Roach x8  
  175  11:53  Ravager x4  
  174  11:59  Roach  
  174  12:00  Roach x7  
  184  12:06  Roach  
  184  12:08  Roach x4  
  194  12:15  Zergling x16  
  184  12:29  Roach  
  190  12:30  Roach x5  
  178  12:41  Ravager x3  
  178  12:42  Ravager x4  
  178  12:43  Corruptor  
  178  12:44  Corruptor x2  
  185  12:45  Ravager  
  185  12:46  Ravager x6  
  185  12:47  Hatchery  
  189  12:52  Corruptor x2  
  189  12:57  Ravager x3  
  196  12:59  Zergling x8  
  191  13:09  Roach  
  191  13:10  Roach x6  
  189  13:13  Zergling x6  
  189  13:18  Zergling x8  
  192  13:23  Roach  
  192  13:24  Roach x3  
  188  13:30  Roach x4  
  194  13:35  Ravager x4  
  194  13:39  Zergling x8  
  181  13:55  Ravager x4  
  154  13:59  Ravager  
  154  14:00  Zergling x18  
  164  14:05  Zergling x14  
  170  14:13  Drone x3  
  162  14:18  Drone x4, Extractor  
  162  14:21  Ravager x4, Hatchery  
  167  14:26  Extractor  
  167  14:29  Extractor  
  167  14:30  Roach x6  
  154  14:37  Roach x4  
  159  14:43  Zergling x8  
  162  14:47  Drone x2  
  162  14:48  Drone x2  
  162  14:49  Drone x2, Extractor  
  167  14:57  Ravager  
  160  15:01  Drone x3  
  160  15:02  Drone  
  160  15:04  Roach x7  
  133  15:16  Ravager x3  
  133  15:17  Ravager x5  
Show
View Real Time Build Order
Export as new Build Order

Cure Terran - Winner!

Build Orders: Mech 

Get SALT Encoding   

  12  0:00  SCV  
  13  0:12  SCV  
  14  0:17  Supply Depot  
  14  0:24  SCV  
  15  0:38  SCV  
  15  0:40  Barracks  
  15  0:42  Refinery  
  16  0:50  SCV  
  17  1:02  SCV  
  18  1:14  SCV  
  19  1:26  Orbital Command  
  19  1:34  Command Center  
  19  1:37  Marine  
  20  1:48  Factory  
  20  1:52  SCV  
  21  2:00  Refinery  
  21  2:01  Barracks Reactor  
  21  2:04  SCV  
  22  2:09  Supply Depot  
  22  2:16  SCV  
  23  2:28  SCV  
  23  2:32  Hellion  
  25  2:40  SCV, Marine  
  25  2:41  Starport  
  27  2:46  Marine  
  28  2:53  SCV  
  28  3:02  Orbital Command  
  28  3:06  SCV  
  28  3:11  Marine x2  
  31  3:18  SCV, Medivac  
  34  3:29  SCV  
  34  3:30  SCV  
  34  3:32  Marine x2  
  36  3:37  Supply Depot  
  36  3:41  SCV  
  37  3:42  SCV  
  37  3:43  Fusion Core  
  38  3:50  Starport Tech Lab  
  38  3:53  SCV  
  38  3:54  SCV  
  40  3:58  Hellion x2  
  40  4:02  Marine  
  45  4:05  Supply Depot  
  45  4:07  SCV x2  
  47  4:17  Supply Depot  
  47  4:19  SCV x2  
  47  4:21  Hellion  
  47  4:22  Hellion  
  53  4:31  SCV x2  
  54  4:43  SCV x2  
  54  4:45  Hellion x2  
  60  4:46  Battlecruiser  
  66  4:56  Supply Depot x2  
  66  5:01  SCV x2  
  68  5:17  Hellion  
  68  5:18  Hellion, Command Center  
  72  5:23  SCV x2  
  74  5:31  Refinery x2  
  74  5:35  Factory  
  74  5:37  Factory  
  74  5:39  SCV x2  
  70  5:44  Hellion x2  
  72  5:51  SCV x2  
  70  6:00  Battlecruiser  
  70  6:03  SCV  
  70  6:04  SCV  
  78  6:12  Hellion x2  
  78  6:18  SCV x2, Armory  
  84  6:21  Hellion, Armory  
  86  6:25  Supply Depot  
  86  6:30  Hellion  
  86  6:31  Orbital Command  
  88  6:34  Hellion x2  
  88  6:36  SCV  
  88  6:37  SCV  
  94  6:46  Factory Tech Lab  
  94  6:47  Engineering Bay  
  94  6:52  Orbital Command  
  94  6:53  SCV x2  
  96  6:55  Factory  
  96  6:57  Factory  
  96  6:58  Hellion x2, Factory Tech Lab  
  100  7:05  SCV x2  
  102  7:09  Terran Vehicle Weapons Level 1, Terran Vehicle And Ship Armor Level 1  
  102  7:12  Supply Depot  
  102  7:13  Supply Depot  
  102  7:15  Hellion x5  
  102  7:17  SCV x3  
  105  7:24  Refinery  
  105  7:26  Hellion x2, Refinery  
  109  7:32  Supply Depot  
  109  7:33  Supply Depot, SCV x3  
  109  7:35  Siege Tank x2  
  116  7:47  SCV x3  
  123  7:54  Battlecruiser  
  129  7:59  Factory Reactor, Factory Tech Lab  
  129  8:02  SCV x3  
  132  8:06  Supply Depot  
  132  8:09  Command Center  
  132  8:10  Siege Tank  
  131  8:16  Siege Tank  
  130  8:29  Hellion x2, Siege Tank  
  130  8:33  Missile Turret  
  131  8:34  Missile Turret  
  131  8:36  Missile Turret, Mag-Field Accelerator  
  131  8:37  Missile Turret  
  131  8:41  Missile Turret  
  131  8:44  Siege Tank  
  131  8:47  Missile Turret, Hellion x2  
  131  8:48  Siege Tank  
  141  8:53  SCV x3  
  144  9:02  Supply Depot  
  144  9:05  Terran Vehicle Weapons Level 2, Infernal Pre-Igniter  
  144  9:08  SCV x3  
  147  9:11  Command Center  
  147  9:13  Terran Vehicle And Ship Armor Level 2  
  147  9:21  Hellion x4  
  147  9:25  Hellion x2, Siege Tank  
  147  9:26  Hellion x2  
  148  9:43  SCV x3  
  151  9:47  Hellion  
  151  9:50  Thor  
  151  9:51  Factory  
  153  9:52  Thor  
  153  9:56  Missile Turret  
  159  10:03  Weapon Refit  
  159  10:06  Refinery x2  
  159  10:10  Missile Turret x2  
  159  10:16  Hellion, Siege Tank  
  159  10:20  Command Center  
  164  10:22  SCV x3, Planetary Fortress  
  167  10:36  Thor  
  167  10:37  Hellion x2, Factory Reactor  
  167  10:39  Factory Tech Lab  
  167  10:41  Factory  
  177  10:44  Orbital Command  
  177  10:46  Factory  
  177  10:55  Factory  
  169  10:58  Thor  
  169  11:00  Hellion x4  
  183  11:05  Siege Tank  
  186  11:24  Siege Tank, Thor  
  186  11:25  Hellion, Factory Tech Lab  
  187  11:28  Supply Depot x3  
  187  11:30  Terran Vehicle Weapons Level 3  
  187  11:32  Hellion x3  
  193  11:34  Hellion  
  193  11:37  Hellion  
  193  11:38  Orbital Command  
  197  11:44  Hellion x2, Siege Tank  
  180  11:55  Hellion x2  
  180  11:57  Siege Tank  
  180  11:58  Siege Tank  
  186  12:13  Siege Tank  
  186  12:14  Hellion x3, Siege Tank  
  193  12:19  Refinery  
  193  12:29  Thor  
  188  12:30  Hellion x2, Siege Tank  
  188  12:37  Missile Turret  
  189  12:38  Hellion, Siege Tank  
  189  12:43  Planetary Fortress  
  192  12:47  Factory Reactor, Factory Tech Lab  
  196  12:51  Hellion x3  
  193  13:07  Cyclone  
  193  13:08  Hellion x3, Siege Tank  
  193  13:10  Siege Tank  
  173  13:12  Hellion  
  173  13:13  Hellion x4  
  172  13:25  Thor  
  172  13:26  Hellion  
  163  13:30  SCV x3  
  163  13:34  Siege Tank  
  169  13:44  Hellion, Siege Tank, Thor  
  169  13:45  Hellion x2, SCV x2  
  169  13:46  SCV x3  
  169  13:47  SCV  
  160  13:57  SCV  
  160  13:58  Thor  
  160  13:59  Hellion  
  160  14:02  Orbital Command  
  163  14:13  Cyclone  
  162  14:22  Cyclone  
  163  14:29  Hellion x2, Thor  
  163  14:30  Hellion  
  165  14:33  Hellion x2, Cyclone  
  170  14:44  Refinery  
  170  14:45  Refinery  
  170  14:58  Hellion  
  170  14:59  Hellion  
  180  15:00  SCV x2, Sensor Tower  
  180  15:01  SCV x3  
  180  15:04  Missile Turret  
  173  15:12  SCV x2  
  173  15:13  SCV x2  

Tags
 
Add a new tag
Caveats
  • Supply blocks, unpowered buildings, or Contaminate may cause inaccurate times.
  • Supply counts are checked every 10 seconds.